 Dungeon Crawl Stone Soup version 0.27.0-1-g7a089689b8 (webtiles) character file.

Game seed: 13813737823948044705

18 fiver49 the Sneak (level 2, -1/23 HPs)
             Began as a Formicid Brigand on Aug 13, 2021.
             Slain by a goblin (3 damage)
             ... on level 1 of the Dungeon.
             The game lasted 00:00:55 (234 turns).

fiver49 the Sneak (Formicid Brigand)                 Turns: 234, Time: 00:00:56

Health: -1/23      AC:  3    Str: 15    XL:     2   Next: 85%
Magic:  2/2        EV: 12    Int: 10    God:
Gold:   24         SH:  0    Dex: 12    Spells: 1/1 levels left

rFire    . . .     SeeInvis +   a - +2 dagger
rCold    . . .     Faith    .   (no shield)
rNeg     . . .     Spirit   .   b - +0 robe
rPois    .         Reflect  .   (helmet unavailable)
rElec    .         Harm     .   c - +0 cloak
rCorr    .         Rampage  .   (no gloves)
Will     .....                  (no boots)
Stlth    +++.......             (no amulet)
HPRegen  0.07/turn              (no ring)
MPRegen  0.08/turn              (no ring)

@: no status effects
A: permanent stasis, dig shafts and tunnels, antennae 3, four strong arms
a: Dig, Shaft Self


You were on level 1 of the Dungeon.
You visited 1 branch of the dungeon, and saw 1 of its levels.

You collected 24 gold pieces.

Inventory:

Hand Weapons
 a - a +2 dagger (weapon)
Armour
 b - a +0 robe (worn)
 c - a +0 cloak (worn)


   Skills:
 + Level 2.6 Fighting
 - Level 2.0 Short Blades
 - Level 2.0 Throwing
 + Level 1.1 Armour
 + Level 1.3 Dodging
 - Level 5.0 Stealth


You had one spell level left.
You didn't know any spells.
Your spell library was empty.

Dungeon Overview and Level Annotations

Branches:
Dungeon (1/15)

Altars:


Innate Abilities, Weirdness & Mutations

You cannot be hasted, slowed, berserked, paralysed or teleported.
You can dig through walls and to a lower floor.
You have a pair of large antennae on your head. (SInv)
Your four strong arms can wield two-handed weapons with a shield.


Message History

No target in view!
You throw a poisoned dart.
The poisoned dart barely misses the jackal.
You throw a poisoned dart.
The poisoned dart closely misses the jackal.
You hit the jackal.
The jackal is heavily wounded.
The jackal misses you.
You hit the jackal.
You kill the jackal!
No target in view!
No target in view!
No target in view!
You throw a poisoned dart. The poisoned dart hits the jackal.
The jackal is poisoned.
You throw a poisoned dart. The poisoned dart hits the jackal.
The jackal looks even sicker.
A jackal comes into view.
You throw a poisoned dart. The poisoned dart misses the jackal.
The poisoned dart hits the jackal.
The jackal is poisoned.
You throw a curare-tipped dart. The curare-tipped dart hits the jackal.
The jackal looks as sick as possible!
The jackal convulses.
You kill the jackal!
You throw a curare-tipped dart.
The curare-tipped dart closely misses the jackal.
You see here a jackal corpse.
You hit the jackal.
The jackal is lightly wounded.
The jackal bites you but does no damage.
The jackal bites you.
You are too injured to fight recklessly!
You are too injured to fight recklessly!
You are too injured to fight recklessly!
You are too injured to fight recklessly!
You are too injured to fight recklessly!
You are too injured to fight recklessly!
You are too injured to fight recklessly!
You are too injured to fight recklessly!
You are too injured to fight recklessly!
You hit the jackal.
The jackal is almost dead.
The jackal bites you but does no damage.
You hit the jackal.
You kill the jackal!
The jackal looks more healthy.
A goblin comes into view. It is wielding a +0 club.
You hit the jackal but do no damage.
The jackal is heavily wounded.
The jackal misses you.
You hit the jackal.
The jackal is almost dead.
The jackal bites you.
You closely miss the jackal.
The jackal is almost dead.
The jackal bites you but does no damage.
You barely miss the jackal.
The jackal is almost dead.
The jackal barely misses you. x2
You hit the jackal.
You kill the jackal!
The bat barely misses you. The bat closely misses you.
You see here a jackal corpse.
You closely miss the bat. The bat hits you. The goblin hits you with a +0 club.
You barely miss the goblin. The bat barely misses you.
The goblin hits you with a +0 club. The bat hits you but does no damage.
You see here a jackal corpse.
The goblin closely misses you.
You see here a jackal corpse.
You hit the goblin but do no damage. The goblin closely misses you.
You hit the goblin.
The goblin is moderately wounded.
The goblin barely misses you.
You hit the goblin but do no damage.
The goblin is moderately wounded.
The goblin hits you with a +0 club.
* * * LOW HITPOINT WARNING * * *
You hit the goblin but do no damage.
The goblin is moderately wounded.
The goblin hits you with a +0 club.
* * * LOW HITPOINT WARNING * * *
You hit the goblin.
The goblin is almost dead.
The goblin barely misses you.
You barely miss the goblin.
The goblin is almost dead.
The goblin hits you with a +0 club.
* * * LOW HITPOINT WARNING * * *
You barely miss the goblin.
The goblin is almost dead.
The goblin hits you with a +0 club.
* * * LOW HITPOINT WARNING * * *
You closely miss the goblin.
The goblin is almost dead.
The goblin closely misses you.
You barely miss the goblin.
The goblin is almost dead.
The goblin hits you with a +0 club.
You die...

#............####..##
#.....>......# #..#
#............# #..#
#............# #..#
########.###........
#.†.....+.......$
#.###.### ..h... {
#.# #.# h.##+## #@#
#.# { #g###.####{
#b(....... #.........
#(........ #...(.....
#(((...... #(........
..........


You could see a goblin and a bat.

Vanquished Creatures
  A dart slug (D:1)
  A ball python (D:1)
  2 bats (D:1)
  7 jackals (D:1)
  A kobold (D:1)
  A rat (D:1)
13 creatures vanquished.

Notes
Turn   | Place    | Note
-------+----------+-------------------------------------------
     0 | D:1      | fiver49 the Formicid Brigand began the quest for the Orb.
     0 | D:1      | Reached XP level 1. HP: 16/16 MP: 1/1
   114 | D:1      | Reached skill level 1 in Dodging
   155 | D:1      | Reached skill level 5 in Stealth
   155 | D:1      | Reached XP level 2. HP: 23/23 MP: 2/2
   199 | D:1      | Reached skill level 1 in Armour
   228 | D:1      | HP: 5/23 [goblin (4)]
   232 | D:1      | HP: 1/23 [goblin (2)]
   234 | D:1      | Slain by a goblin

Illustrated notes

Levels and vault maps discovered:
D:1:      dpeg_arrival_prison, layout_basic, shapermc_ecumenical_altar_rom_forum

Skill      XL: |  1  2 |
---------------+-------+-----
Dodging        | 1 |  1.3
Stealth        | 5 |  5.0
Armour         | 1 |  1.1
Fighting       | |  2.6
Short Blades   | |  2.0
Throwing       | |  2.0

Action                   || total
-------------------------++-------
Melee: Dagger            ||    49
Throw: Dart              ||    10
 Stab: Sleeping          ||     3
Armor: Robe              ||    10
Dodge: Dodged            ||    23

Table legend: (Time is in decaauts)
 A = Elapsed time spent in this place.
 B = Non-inter-level travel time spent in this place.
 C = Inter-level travel time spent in this place.
 D = Time resting spent in this place.
 E = Time spent auto-exploring this place.
 F = Levels seen in this place.
 G = Mean time per level.
                   A        B        C        D        E       F      G
               +--------+--------+--------+--------+--------+-----+--------+
         Total |    228 |    228 |      0 |      0 |    131 |   1 |  228.0 |
       Dungeon |    228 |    228 |      0 |      0 |    131 |   1 |  228.0 |
               +--------+--------+--------+--------+--------+-----+--------+

Top non-repeatable levels by time:
     D:1: 228 daAuts

Table legend:
 A = Kills in this place as a percentage of kills in entire the game.
 B = Kills by you in this place as a percentage of kills by you in the entire game.
 C = Kills by friends in this place as a percentage of kills by friends in the entire game.
 D = Other kills in this place as a percentage of other kills in the entire game.
 E = Experience gained in this place as a percentage of experience gained in the entire game.
 F = Experience gained in this place divided by the number of levels of this place that you have seen.
                   A       B       C       D       E      F
               +-------+-------+-------+-------+-------+----------------------
         Total | 100.0 | 100.0 |   N/A |   N/A | 100.0 |  26.0
       Dungeon | 100.0 | 100.0 |   N/A |   N/A | 100.0 |  26.0
               +-------+-------+-------+-------+-------+----------------------
